Map: Ever Dream LE

Players

Thyphoon

  • Race: Terran Terran
  • League: Master
  • Spawn Location: 1:00

zuka - Winner!

  • Race: Protoss Protoss
  • League: Master
  • Spawn Location: 7:00

VOD

Have the link to the VOD?

Description

Time

  • Played on: March 13, 2020, 12:16 p.m.
  • Length: 10:33
Show
View Real Time Build Order
Export as new Build Order

Thyphoon Terran 

Build Orders:  

Get SALT Encoding   

  12  0:00  SCV  
  13  0:13  SCV  
  14  0:17  Supply Depot  
  14  0:25  SCV  
  15  0:38  SCV  
  15  0:41  Barracks  
  16  0:43  Refinery  
  16  0:50  SCV  
  17  1:02  SCV  
  18  1:10  Barracks  
  18  1:19  SCV  
  19  1:31  Supply Depot  
  19  1:36  Marine  
  20  1:53  Marine  
  21  2:01  Marine  
  21  2:11  Marine  
  22  2:18  Marine  
  23  2:29  Marine  
  23  2:32  Refinery  
  23  2:42  Supply Depot  
  23  2:43  Supply Depot  
  23  2:46  Marine  
  21  2:55  SCV  
  18  3:03  Barracks  
  18  3:04  Marine  
  18  3:17  SCV, Factory  
  19  3:29  Marine  
  17  3:47  Marine  
  18  3:51  Marine  
  19  4:00  Factory Tech Lab  
  19  4:05  Marine  
  19  4:09  Marine  
  20  4:11  SCV  
  16  4:24  Marine  
  16  4:27  Marine  
  16  4:28  Siege Tank  
  19  4:42  Marine  
  19  4:45  SCV  
  20  4:49  Marine  
  19  5:03  Marine  
  19  5:05  SCV  
  21  5:07  Marine  
  21  5:22  Marine  
  22  5:35  Marine  
  23  5:36  SCV  
  24  5:47  Marine  
  25  5:53  SCV  
  25  5:55  Marine  
  27  6:05  SCV  
  27  6:09  Marine  
  29  6:17  SCV  
  29  6:18  Marine  
  31  6:29  SCV  
  31  6:31  Marine  
  29  6:50  Marine x2  
  31  6:56  Bunker  
  31  7:08  Marine  
  32  7:12  SCV  
  32  7:27  Marine  
  32  7:28  Marine  
  34  7:33  SCV  
  35  7:39  Starport  
  35  7:53  Marine  
  35  8:02  SCV  
  36  8:07  Siege Tank  
  32  8:20  Marine x2  
  30  8:38  Marine  
  31  8:44  Marine  
  27  8:49  Siege Tank  
  27  8:50  SCV  
  31  9:02  SCV  
  32  9:07  Barracks Tech Lab  
  32  9:08  Barracks Reactor  
  29  9:17  Orbital Command, Starport Tech Lab  
  25  9:27  Refinery  
  25  9:28  Marine  
  25  9:43  SCV  
  25  9:45  Marine x2  
  28  9:55  SCV  
  28  9:59  Marine  
  30  10:02  Marine  
  31  10:07  SCV  
  31  10:10  Marine  
  31  10:12  Factory Reactor  
  33  10:19  SCV  
Show
View Real Time Build Order
Export as new Build Order

zuka Protoss - Winner!

Build Orders: Cannon Rush, Chargelot Immortal 

Get SALT Encoding   

  12  0:00  Probe  
  13  0:12  Probe  
  14  0:18  Pylon  
  14  0:25  Probe (Chrono Boost)  
  15  0:36  Probe (Chrono Boost)  
  15  0:38  Forge  
  16  0:44  Probe  
  17  0:59  Pylon  
  17  1:05  Pylon  
  17  1:06  Pylon  
  17  1:18  Gateway  
  17  1:20  Photon Cannon  
  17  1:35  Photon Cannon  
  17  1:36  Photon Cannon  
  16  1:41  Pylon  
  16  1:48  Probe  
  17  2:05  Photon Cannon  
  17  2:06  Photon Cannon  
  17  2:17  Photon Cannon  
  17  2:26  Photon Cannon  
  17  2:33  Photon Cannon  
  17  2:40  Photon Cannon  
  17  2:48  Photon Cannon  
  16  2:55  Photon Cannon  
  16  2:59  Photon Cannon  
  16  3:03  Probe (Chrono Boost)  
  17  3:07  Gateway  
  18  3:13  Probe (Chrono Boost)  
  18  3:21  Photon Cannon  
  18  3:24  Photon Cannon  
  18  3:31  Photon Cannon  
  18  3:35  Photon Cannon  
  18  3:39  Photon Cannon  
  18  3:43  Photon Cannon  
  18  3:49  Photon Cannon  
  18  3:53  Probe (Chrono Boost)  
  18  4:04  Assimilator  
  18  4:05  Probe (Chrono Boost)  
  18  4:06  Cybernetics Core  
  19  4:12  Probe (Chrono Boost)  
  20  4:19  Probe, Assimilator  
  23  4:39  Nexus  
  23  4:43  Stalker (Chrono Boost)  
  23  4:44  Probe  
  24  4:55  Warp Gate (Chrono Boost)  
  24  4:56  Probe  
  27  5:08  Probe  
  28  5:20  Zealot, Twilight Council, Probe  
  29  5:32  Gateway, Probe  
  30  5:44  Probe  
  30  5:46  Pylon  
  31  5:50  Zealot, Charge (Chrono Boost)  
  31  5:51  Probe  
  31  5:56  Probe  
  35  6:03  Probe  
  36  6:07  Gateway  
  36  6:17  Gateway  
  36  6:20  Probe x2  
  38  6:30  Robotics Facility  
  38  6:36  Zealot x2  
  34  6:58  Zealot x2  
  34  7:03  Gateway  
  34  7:04  Pylon  
  27  7:14  Pylon  
  27  7:16  Immortal (Chrono Boost)  
  27  7:22  Zealot  
  30  7:25  Sentry  
  32  7:32  Pylon  
  32  7:55  Zealot x2  
  36  8:06  Pylon  
  36  8:08  Sentry  
  33  8:23  Zealot  
  31  8:32  Immortal (Chrono Boost)  
  29  8:37  Pylon  
  29  8:38  Sentry  
  31  8:53  Sentry  
  31  8:54  Gateway  
  33  9:12  Warp Prism (Chrono Boost)  
  35  9:27  Sentry x2  
  35  9:29  Immortal (Chrono Boost)  
  35  9:30  Immortal  
  39  9:31  Stalker  
  39  10:03  Zealot x3  
  45  10:26  Stalker x2  
Tags
 
Add a new tag
Caveats
  • Supply blocks, unpowered buildings, or Contaminate may cause inaccurate times.
  • Supply counts are checked every 10 seconds.